AoeStats
← Wilson

Arabia

509889212Analyzed
2v2 RM · 5d ago on Sep 28, 2026· 43m 18s· 4 players
Game mode
Random Map
Map size
Medium (4 player)
Population
200
Speed
Normal
Resources
Standard
Victory
Conquest
Starting age
Dark Age
Ending age
Imperial Age
RankedLock teamsTeams togetherTeam positionsShared explorationLock speedFull tech treeHidden civsTurbo modeCheats
Victory
Defeat
🇩🇪 Britons · Germany
1042
+17
🇩🇪 Varangians · Germany
1041
+17
🇹🇼 Italians · Taiwan
1116
-19
🇹🇼 Franks · Taiwan
1018
-15
Idle_Scout
6:53 Loom
9:27 Feudal Age
7:42 Loom
10:28 Double-Bit Axe
10:23 Horse Collar
20:12 Castle Age
18:48 Scale Barding Armor
19:50 Wheelbarrow
19:31 Bloodlines
20:27 Gold Mining
20:51 Forging
21:16 Chain Barding Armor
24:13 Town Watch
27:21 Iron Casting
27:41 Husbandry
33:45 Fletching
34:03 Vendel Legacy
Idle_Wolf
6:15 Loom
9:37 Feudal Age
15:31 Double-Bit Axe
23:35 Castle Age
23:31 Gold Mining
23:54 Fletching
23:43 Crossbowman
25:18 Bow Saw
25:46 Padded Archer Armor
26:12 Bodkin Arrow
28:14 Ballistics
40:57 Imperial Age
39:09 Wheelbarrow
38:20 Town Watch
39:09 Leather Archer Armor
39:50 Stone Mining
Scan
5:14 Loom
10:01 Feudal Age
13:00 Double-Bit Axe
13:52 Horse Collar
16:12 Fletching
25:27 Castle Age
26:36 Bow Saw
30:00 Bodkin Arrow
38:05 Scale Barding Armor
38:10 Heavy Plow
39:44 Bloodlines
41:04 Chain Barding Armor
41:17 Gold Mining
41:46 Forging
42:15 Husbandry
Wilson
8:00 Loom
11:06 Feudal Age
14:02 Double-Bit Axe
17:30 Scale Barding Armor
21:14 Castle Age
19:23 Gold Mining
21:07 Wheelbarrow
21:03 Forging
22:36 Chain Barding Armor
22:39 Husbandry
24:31 Gold Shaft Mining
26:34 Iron Casting
32:46 Bow Saw
34:31 Hand Cart
35:31 Stone Mining
43:08 Imperial Age
43:08 Cavalier
Connection lost

Rejoining the realm…

Still unreachable

The connection could not be restored.

Session expired

The server has moved on; the page needs a fresh start.